Map: [ESL] Data-C

Players

ShoWTimE

  • Race: Protoss Protoss
  • Spawn Location: 3:00

ByuN - Winner!

  • Race: Terran Terran
  • Spawn Location: 9:00

VOD

Have the link to the VOD?

Description

Time

  • Played on: Nov. 4, 2022, 9:32 a.m.
  • Length: 13:42
Show
View Real Time Build Order
Export as new Build Order

ShoWTimE Protoss 

Build Orders: 1 Gate Expand, Oracle Opening, Colossus Rush 

Get SALT Encoding   

  12  0:00  Probe  
  13  0:12  Probe  
  14  0:17  Pylon  
  14  0:24  Probe  
  15  0:35  Gateway  
  15  0:36  Probe (Chrono Boost)  
  16  0:46  Probe (Chrono Boost), Assimilator  
  17  0:51  Probe (Chrono Boost)  
  18  1:03  Probe  
  19  1:15  Probe  
  20  1:23  Nexus  
  20  1:32  Cybernetics Core  
  20  1:36  Probe  
  21  1:41  Assimilator  
  21  1:48  Probe  
  21  1:51  Pylon  
  22  2:00  Probe  
  23  2:06  Adept (Chrono Boost)  
  23  2:12  Probe  
  26  2:17  Stargate  
  26  2:25  Probe (Chrono Boost)  
  26  2:27  Adept (Chrono Boost)  
  29  2:31  Warp Gate  
  29  2:34  Probe (Chrono Boost)  
  31  2:43  Probe (Chrono Boost)  
  32  2:44  Probe (Chrono Boost)  
  32  2:49  Adept, Probe x2 (Chrono Boost)  
  36  3:00  Oracle (Chrono Boost)  
  36  3:01  Probe x2  
  41  3:09  Pylon  
  41  3:13  Probe x2  
  41  3:19  Adept  
  45  3:25  Probe  
  46  3:27  Probe  
  46  3:32  Gateway  
  46  3:33  Robotics Facility  
  47  3:37  Probe  
  47  3:38  Assimilator  
  47  3:39  Probe  
  49  3:42  Assimilator  
  49  3:46  Pylon  
  49  3:49  Probe  
  49  3:51  Probe  
  51  4:01  Probe  
  52  4:03  Probe, Gateway  
  52  4:05  Shield Battery  
  53  4:13  Probe  
  53  4:16  Probe  
  55  4:19  Sentry, Immortal (Chrono Boost)  
  61  4:25  Pylon  
  62  4:33  Pylon  
  62  4:34  Probe  
  62  4:43  Probe  
  62  4:44  Sentry x2  
  67  4:46  Probe  
  60  4:55  Probe  
  60  4:56  Nexus  
  60  4:58  Probe  
  60  4:59  Pylon  
  60  5:01  Adept  
  60  5:04  Phoenix  
  61  5:07  Probe  
  61  5:09  Robotics Bay  
  61  5:10  Probe  
  61  5:11  Sentry  
  61  5:14  Observer (Chrono Boost)  
  66  5:16  Pylon  
  66  5:18  Adept  
  68  5:22  Shield Battery  
  68  5:24  Probe x2  
  70  5:30  Phoenix  
  70  5:36  Probe  
  70  5:41  Adept x3  
  77  5:43  Probe  
  77  5:48  Probe  
  73  5:54  Colossus (Chrono Boost)  
  73  5:55  Probe  
  70  5:59  Phoenix (Chrono Boost)  
  70  6:01  Probe  
  78  6:11  Shield Battery  
  78  6:14  Shield Battery, Forge  
  78  6:18  Phoenix (Chrono Boost)  
  78  6:20  Probe  
  78  6:22  Probe  
  78  6:23  Sentry, Zealot  
  86  6:25  Zealot  
  86  6:30  Pylon  
  88  6:38  Colossus (Chrono Boost)  
  88  6:39  Phoenix  
  96  6:40  Pylon  
  96  6:43  Probe  
  96  6:44  Probe x2  
  96  6:46  Pylon  
  96  6:47  Protoss Ground Weapons Level 1 (Chrono Boost)  
  99  7:07  Probe x2  
  101  7:10  Assimilator  
  101  7:11  Assimilator  
  101  7:13  Twilight Council  
  101  7:14  Probe  
  102  7:16  Pylon, Gateway  
  102  7:19  Gateway  
  102  7:21  Colossus (Chrono Boost)  
  102  7:22  Probe, Pylon  
  103  7:24  Pylon  
  103  7:25  Extended Thermal Lance (Chrono Boost), Photon Cannon  
  109  7:36  Phoenix (Chrono Boost)  
  111  7:40  Photon Cannon  
  111  7:41  Zealot x3  
  111  7:44  Pylon  
  117  7:47  Probe, Charge (Chrono Boost)  
  118  7:57  Pylon  
  118  7:58  Phoenix (Chrono Boost)  
  120  8:07  Nexus  
  120  8:10  Pylon  
  120  8:11  Observer  
  121  8:14  Stalker x2, Zealot  
  121  8:16  Phoenix (Chrono Boost)  
  129  8:22  Shield Battery, Probe  
  129  8:23  Probe x2, Photon Cannon  
  132  8:35  Phoenix (Chrono Boost)  
  132  8:36  Zealot x3  
  140  8:42  Forge  
  140  8:46  Zealot x2  
  142  8:50  Immortal  
  146  8:57  Zealot x3  
  146  9:01  Phoenix (Chrono Boost)  
  153  9:10  Probe x3  
  153  9:12  Protoss Ground Armor Level 1 (Chrono Boost)  
  153  9:13  Protoss Ground Weapons Level 2 (Chrono Boost)  
  155  9:17  Protoss Air Weapons Level 1, Zealot x2  
  155  9:21  Zealot x2  
  155  9:22  Phoenix (Chrono Boost)  
  161  9:24  Phoenix (Chrono Boost)  
  161  9:29  Immortal (Chrono Boost)  
  167  9:39  Stargate  
  167  9:42  Zealot x3  
  173  9:47  Probe  
  173  9:50  Pylon  
  173  9:51  Zealot x2  
  178  9:55  Blink  
  178  9:59  Probe  
  179  10:00  Templar Archives  
  179  10:06  Pylon, Photon Cannon  
  179  10:07  Pylon, Phoenix (Chrono Boost)  
  179  10:10  Photon Cannon  
  179  10:11  Disruptor  
  182  10:15  Zealot x2  
  179  10:25  Phoenix  
  173  10:31  Zealot x3  
  169  10:35  Phoenix  
  143  10:48  Disruptor (Chrono Boost)  
  141  10:50  Phoenix  
  141  10:52  Gateway  
  141  10:54  High Templar x2, Gateway  
  150  10:57  Gateway  
  150  10:58  Gateway, Archon  
  150  10:59  Zealot x3  
  150  11:00  Phoenix  
  157  11:04  Pylon  
  155  11:15  Phoenix  
  155  11:18  Disruptor  
  155  11:21  Probe  
  155  11:24  Zealot x3  
  165  11:25  Phoenix  
  165  11:32  Nexus  
  163  11:39  Zealot x2  
  165  11:40  Phoenix, Fleet Beacon  
  165  11:46  Robotics Facility  
  167  11:47  Probe  
  167  11:48  Probe x2  
  167  11:51  Zealot x4  
  176  12:03  Photon Cannon  
  176  12:05  Shield Battery  
  176  12:10  Zealot x5  
  176  12:15  Zealot x3  
  147  12:32  Zealot x5  
  147  12:35  Disruptor (Chrono Boost)  
  152  12:38  Zealot x3  
  150  12:50  Colossus (Chrono Boost)  
  145  12:55  Phoenix x2 (Chrono Boost)  
  145  12:58  Probe x2  
  157  13:02  Zealot x2  
  157  13:04  Disruptor (Chrono Boost)  
  154  13:06  Zealot  
  154  13:08  Zealot  
  154  13:09  Zealot  
  148  13:14  Zealot  
  148  13:18  Zealot  
  131  13:21  Phoenix (Chrono Boost)  
Show
View Real Time Build Order
Export as new Build Order

ByuN Terran - Winner!

Build Orders:  

Get SALT Encoding   

  12  0:00  SCV  
  13  0:12  SCV  
  14  0:17  Supply Depot  
  14  0:24  SCV  
  15  0:38  SCV  
  15  0:40  Barracks  
  16  0:43  Refinery  
  16  0:50  SCV  
  17  1:02  SCV  
  18  1:15  SCV  
  19  1:27  Orbital Command, Marine  
  20  1:41  Command Center  
  20  1:46  Barracks Reactor  
  20  1:52  Supply Depot  
  20  1:55  SCV  
  21  2:05  Barracks  
  21  2:07  SCV  
  22  2:19  SCV, Engineering Bay  
  22  2:22  Marine x2  
  25  2:31  SCV  
  26  2:40  Marine x2  
  26  2:43  SCV  
  29  2:45  Terran Infantry Weapons Level 1  
  29  2:52  Barracks Tech Lab  
  29  2:54  Orbital Command  
  29  2:56  SCV  
  29  2:57  Barracks  
  30  3:01  Marine  
  30  3:02  Marine  
  32  3:08  SCV  
  32  3:10  Marine  
  32  3:12  Stimpack  
  34  3:20  SCV x2  
  34  3:22  Marine x2  
  38  3:28  Marine  
  38  3:29  Supply Depot  
  38  3:32  SCV  
  38  3:33  SCV  
  41  3:39  Marine  
  41  3:40  Marine  
  43  3:44  Marine  
  43  3:46  Marine  
  43  3:47  SCV  
  46  3:50  Supply Depot  
  46  3:51  SCV  
  47  3:57  Marine  
  47  3:58  Marine  
  47  3:59  SCV  
  47  4:01  Marine  
  51  4:03  SCV  
  51  4:04  Marine, Missile Turret  
  51  4:07  Missile Turret  
  53  4:11  SCV  
  53  4:15  SCV, Marine  
  53  4:16  Marine  
  57  4:19  Refinery  
  57  4:22  Marine x2  
  57  4:23  SCV  
  60  4:27  SCV  
  60  4:28  Factory  
  61  4:33  Marine, Supply Depot  
  61  4:37  Marine  
  62  4:39  SCV  
  62  4:41  SCV  
  60  4:51  SCV  
  60  4:52  Barracks Tech Lab  
  60  4:53  SCV  
  57  5:03  SCV  
  57  5:05  SCV  
  58  5:07  Refinery  
  58  5:11  Terran Infantry Armor Level 1  
  57  5:15  SCV  
  57  5:17  Factory Reactor, SCV, Starport  
  57  5:18  Command Center  
  59  5:22  Supply Depot  
  59  5:27  SCV  
  60  5:29  SCV  
  60  5:31  Barracks  
  60  5:34  Barracks  
  59  5:39  SCV  
  59  5:41  SCV, Marine x2  
  60  5:46  Marauder x2  
  57  5:52  SCV  
  57  5:53  SCV  
  53  6:01  Factory Reactor  
  53  6:02  Medivac x2  
  53  6:04  SCV  
  58  6:05  SCV  
  58  6:06  Marine  
  58  6:07  Marine, Marauder x2  
  58  6:08  Refinery  
  65  6:16  SCV  
  65  6:17  SCV  
  67  6:18  Barracks Reactor  
  67  6:22  Barracks Tech Lab  
  67  6:24  Marine  
  67  6:25  Marine  
  69  6:27  Missile Turret  
  69  6:28  SCV  
  69  6:29  SCV  
  69  6:30  Orbital Command  
  69  6:32  Marauder  
  73  6:34  Marauder  
  75  6:40  SCV  
  75  6:41  Medivac x2  
  75  6:42  SCV  
  81  6:48  Supply Depot  
  81  6:50  Marine  
  81  6:51  Marine  
  81  6:52  SCV  
  81  6:54  SCV  
  85  6:57  Marauder x2  
  85  6:58  SCV  
  85  7:04  Marine x2, SCV  
  85  7:06  Marauder  
  85  7:07  SCV  
  87  7:10  SCV  
  87  7:14  Medivac x2  
  87  7:15  Marine x2  
  93  7:18  Marauder x2  
  93  7:19  SCV x2  
  93  7:22  SCV  
  101  7:27  Supply Depot  
  101  7:28  Armory, Engineering Bay  
  101  7:39  Supply Depot  
  101  7:41  Supply Depot  
  101  7:47  Combat Shield  
  101  7:48  Concussive Shells  
  101  7:49  Marine x4, SCV x3  
  101  7:51  Supply Depot  
  108  7:55  Command Center  
  108  7:57  Marine  
  109  8:00  Medivac x2, Marine x2  
  109  8:01  SCV x2, Refinery x2  
  109  8:02  SCV  
  118  8:06  Ghost Academy  
  118  8:10  Marine x4  
  122  8:14  SCV x2  
  122  8:15  SCV  
  125  8:21  Terran Infantry Weapons Level 2, Supply Depot  
  125  8:27  Terran Infantry Armor Level 2  
  125  8:32  SCV x3  
  125  8:33  Barracks x3  
  127  8:38  Enhanced Shockwaves  
  127  8:39  Supply Depot  
  127  8:40  Supply Depot  
  127  8:49  Marine x2, Marauder x3  
  127  8:50  Marine  
  127  8:51  SCV x2  
  138  8:59  Medivac  
  138  9:00  Medivac  
  138  9:02  SCV, Supply Depot x2  
  143  9:03  SCV x2  
  143  9:07  Orbital Command, Missile Turret  
  144  9:14  SCV  
  144  9:15  SCV  
  144  9:16  Ghost x2  
  150  9:17  Ghost  
  150  9:22  Marine x4  
  150  9:24  Barracks Reactor  
  156  9:25  Barracks Tech Lab x2  
  156  9:36  Medivac x2, Supply Depot  
  156  9:37  Supply Depot  
  158  9:43  Marine x3  
  158  9:45  Marauder x2  
  165  9:46  Marauder  
  165  9:50  Supply Depot x2  
  165  9:51  Ghost  
  169  9:55  Ghost  
  169  9:56  Marine  
  172  10:00  Marine x2  
  172  10:01  Marine x3  
  172  10:07  Marauder x2  
  180  10:08  Ghost  
  180  10:25  Marine x2, Ghost  
  180  10:26  Ghost  
  170  10:29  Widow Mine x2  
  170  10:32  Marauder x2  
  170  10:34  Marine x2  
  168  10:38  Marauder  
  160  10:46  Marine x2  
  160  10:49  Marine x2  
  164  10:52  Marine  
  164  10:53  Marauder x2  
  164  10:54  Ghost  
  164  10:55  Refinery x2, Marauder  
  164  10:56  Command Center  
  173  10:59  Command Center, Ghost  
  173  11:03  SCV x3  
  177  11:15  Marauder x2  
  177  11:16  Marine x3, Marauder  
  179  11:20  Marine x2  
  179  11:21  Marine  
  179  11:24  Marauder  
  184  11:28  Marauder  
  184  11:34  Marine  
  184  11:35  Ghost x2  
  184  11:38  Marauder  
  188  11:43  Medivac x2  
  188  11:45  Marauder  
  194  11:47  Marine x2  
  194  11:48  Marine x2  
  194  11:49  Ghost  
  200  11:59  Marine, Marauder  
  200  12:05  Command Center  
  200  12:15  Ghost  
  199  12:23  Ghost  
  199  12:24  Marine x2  
  199  12:28  Ghost x2  
  188  12:30  Marine x3  
  188  12:31  Marauder  
  188  12:36  Medivac  
  188  12:37  Medivac  
  194  12:38  Marine  
  194  12:41  Orbital Command  
  194  12:42  Marine  
  195  12:44  Marauder  
  195  12:47  Marine x2  
  195  12:50  Marine x2  
  184  12:52  Ghost, Marauder  
  184  12:56  Marine  
  184  12:58  Marauder x2  
  193  12:59  Marine  
  193  13:04  Marine  
  193  13:05  Marine, Marauder  
  195  13:07  Marine  
  195  13:08  Marine  
  195  13:09  Medivac  
  195  13:11  Medivac  
  198  13:13  Ghost  
  198  13:19  Marauder  
Tags
 
Add a new tag
Caveats
  • Supply blocks, unpowered buildings, or Contaminate may cause inaccurate times.
  • Supply counts are checked every 10 seconds.